 Dungeon Crawl Stone Soup version 0.31-a0-214-gb37851dbb3 (webtiles) character file.

Game seed: 6906289267788946584

6331 qw the Cleaver (level 10, -24/63 HPs)
             Began as a Gargoyle Fighter on July 1, 2023.
             Was a Priest of Okawaru.
             Killed from afar by an oklob plant (32 damage)
             ... with a splash of acid
             ... on level 9 of the Dungeon.
             The game lasted 00:04:10 (7251 turns).

qw the Cleaver (Gargoyle Fighter)                   Turns: 7251, Time: 00:04:11

Health: -24/63     AC:  8    Str: 23    XL:     10   Next: 96%
Magic:  13/13      EV:  8    Int: 10    God:    Okawaru [***...]
Gold:   638        SH: 12    Dex:  9    Spells: 9/9 levels left

rFire   + . .        Y - +1 war axe (heavy)
rCold   + . .        a - +0 kite shield
rNeg    + . .        l - +0 plate armour
rPois   inf          m - +0 helmet
rElec   +            j - +1 cloak
rCorr   .            g - +1 pair of gloves
SInv    .            o - +2 pair of boots
Will    .....        f - amulet of faith Stlth
                     h - ring of protection from cold
HPRegen 0.30/turn    q - ring of protection from fire
MPRegen 0.13/turn

%: faith
@: heroic, corroded
A: sickness immunity, AC +7, negative energy resistance 1, electricity
resistance, torment resistance 1, petrification resistance
a: Renounce Religion, Heroism


You were on level 9 of the Dungeon.
You worshipped Okawaru.
Okawaru was most pleased with you.
You visited 2 branches of the dungeon, and saw 10 of its levels.

You collected 638 gold pieces.


Innate Abilities, Weirdness & Mutations

You are immune to sickness and miasma.
Your stone body is resilient. (AC +7)
You are immune to poison.
You resist negative energy. (rN+)
You are resistant to electric shocks. (rElec)
You are resistant to unholy torment.
You are immune to petrification.


   Skills:
 - Level 7.5(12.5) Fighting
 + Level 9.9(14.9) Axes
 - Level 1.2(6.2) Throwing
 - Level 7.0(12.0) Armour
 - Level 1.4(6.4) Dodging
 - Level 9.1(14.1) Shields
 - Level 4.0 Invocations


You had 9 spell levels left.
You didn't know any spells.
Your spell library was empty.

Inventory:

Hand Weapons
 c - a +0 flail of holy wrath
 k - a +0 morningstar
 v - a +2 flail of holy wrath
 Y - a +1 heavy war axe (weapon)
Missiles
 s - a boomerang (quivered)
Armour
 a - a +0 kite shield (worn)
 g - a +1 pair of gloves (worn)
 j - a +1 cloak (worn)
 l - a +0 plate armour (worn)
 m - a +0 helmet (worn)
 o - a +2 pair of boots (worn)
Jewellery
 f - an amulet of faith (around neck)
 h - a ring of protection from cold (left hand)
 n - an amulet of the acrobat
 q - a ring of protection from fire (right hand)
Wands
 b - a wand of digging (9)
Scrolls
 w - a scroll of identify
 x - a scroll of poison {unknown}
Potions
 d - a potion of might
 e - a potion of ambrosia {unknown}
 i - a potion of haste {unknown}
 p - a potion of attraction
 r - a potion of curing
 t - a potion of mutation {unknown}

Dungeon Overview and Level Annotations

Branches:
Dungeon (9/15)             Temple (1/1) D:5            Lair (0/5) D:9
    Orc: D:9-12

Altars:
Ashenzari
Cheibriados
Dithmenos
Elyvilon
Fedhas
Gozag
Hepliaklqana
Kikubaaqudgha
Makhleb
Nemelex Xobeh
Okawaru
Qazlal
Sif Muna
Uskayaw
Vehumet
Wu Jian
Xom
Yredelemnul
Zin
The Shining One


Message History

The plant is heavily damaged.
You slash the bush! You slash the plant!
A nearby plant withers and dies. x2
The oklob plant spits acid at you. The splash of acid hits you!
Enter note:
Enter note:
Enter note:
Enter note: You hit the oklob plant but do no damage.
You hit the bush but do no damage. The oklob plant spits acid at you.
The splash of acid hits you! The acid corrodes you!
You hit the oklob plant but do no damage.
You slice the bush!! The oklob plant spits acid at you.
You block the splash of acid. The oklob plant spits acid at you.
You block the splash of acid.
You slash the oklob plant!
The oklob plant is lightly damaged.
You hit the bush but do no damage. The oklob plant spits acid at you.
The splash of acid hits you!! The acid corrodes you!
7249 ||| DRINKING potion of heal wounds.
You feel much better. The oklob plant spits acid at you.
The splash of acid hits you! The acid corrodes you!
The oklob plant spits acid at you. The splash of acid hits you!
The acid corrodes you!
You hit the oklob plant but do no damage.
The oklob plant is lightly damaged.
You hit the bush but do no damage.
You hit the oklob plant but do no damage.
The oklob plant is lightly damaged.
You hit the bush. The oklob plant spits acid at you.
The splash of acid hits you!!
Ouch! That really hurt!
You die...

#.....%....
...........###.....%....
.............##..........
..............#...........
.........P.......>.........
......PPPP..................
......PPPPPPP...............
.#....PP..(.>P...............
#......PP(..@P...............
#.......PP$.........
#.........P........
#..................
#.................
#.................
#.................
#..##...........#...........
.. ###..########...........


You could see 3 oklob plants.

Vanquished Creatures
  Pikel (D:7)
  Joseph (D:7)
  2 hornets
  Sigmund (D:2)
  2 wyverns
  3 wargs (D:9)
  Menkaure (D:7)
  A water moccasin (D:5)
  A floating eye (D:9)
  An orc warrior (D:7)
  A sky beast (D:8)
  2 ice beasts
  A black bear (D:4)
  An ogre (D:6)
  A lemure (D:7)
  Blork the orc (D:6)
  5 bullfrogs
  3 kobold brigands
  2 gnoll sergeants
  8 scorpions
  19 killer bees
  3 electric eels (D:6)
  2 howler monkeys
  2 jellies
  2 hounds (D:4)
  12 orc priests
  4 iguanas
  12 orc wizards
  A sleepcap (D:6)
  4 adders
  12 gnolls
  A shadow imp (D:5)
  4 ufetubi (D:6)
  A worm (D:5)
  A dart slug (D:2)
  40 orcs
  10 ball pythons
  6 bats
  9 endoplasms
  4 giant cockroaches
  11 goblins
  8 hobgoblins
  5 quokkas
  5 frilled lizards
  18 kobolds
  3 rats
238 creatures vanquished.

Vanquished Creatures (others)
  An orc (D:6)
1 creature vanquished.

Grand Total: 239 creatures vanquished

Notes
Turn   | Place    | Note
-------+----------+-------------------------------------------
     0 | D:1      | qw the Gargoyle Fighter began the quest for the Orb.
     0 | D:1      | Reached XP level 1. HP: 14/14 MP: 1/1
     0 | D:1      | 0 ||| qw: Version: 0.3-a-32-g5962c71
     0 | D:1      | 0 ||| qw: Game counter: 7516
     0 | D:1      | 0 ||| qw: Melee chars always use a shield: true
     0 | D:1      | 0 ||| qw: God list: Okawaru
     0 | D:1      | 0 ||| qw: Allow faded altars: false
     0 | D:1      | 0 ||| qw: Do Orc after clearing Dungeon:15 true
     0 | D:1      | 0 ||| qw: Do second Lair branch before Depths: true
     0 | D:1      | 0 ||| qw: Lair rune preference: random
     0 | D:1      | 0 ||| qw: Goals: Normal, Zot:1-4, Slime:5, God:TSO, Crypt,
                  | Tomb, Abyss, Pan, Hells, Win
     0 | D:1      | 0 ||| PLANNING D:1-11
   120 | D:1      | Reached XP level 2. HP: 19/19 MP: 2/2
   127 | D:1      | 127 ||| Stepping ~*~*~tactically~*~*~ (stealth).
   137 | D:1      | 137 ||| FLEEEEING.
   138 | D:1      | 138 ||| FLEEEEING.
   139 | D:1      | 139 ||| FLEEEEING.
   140 | D:1      | 140 ||| FLEEEEING.
   141 | D:1      | 141 ||| FLEEEEING.
   142 | D:1      | 142 ||| FLEEEEING.
   143 | D:1      | 143 ||| FLEEEEING.
   144 | D:1      | 144 ||| FLEEEEING.
   145 | D:1      | 145 ||| FLEEEEING.
   146 | D:1      | 146 ||| FLEEEEING.
   187 | D:1      | 187 ||| DROPPING +0 club.
   309 | D:1      | Reached skill level 3 in Axes
   334 | D:1      | Reached XP level 3. HP: 21/23 MP: 3/3
   710 | D:1      | 710 ||| UPGRADING to +0 cloak.
   715 | D:1      | 715 ||| UPGRADING to +0 pair of boots.
   720 | D:1      | 720 ||| UPGRADING to ring of protection from cold.
   721 | D:1      | 721 ||| READING 4 scrolls labelled ISAXZEG LOQEV.
   722 | D:1      | 722 ||| READING 3 scrolls of enchant armour.
   722 | D:1      | 722 ||| ENCHANTING +0 pair of boots.
   723 | D:1      | 723 ||| READING 2 scrolls of enchant armour.
   723 | D:1      | 723 ||| ENCHANTING +1 pair of boots.
   724 | D:1      | 724 ||| READING scroll of enchant armour.
   724 | D:1      | 724 ||| ENCHANTING +0 cloak.
   725 | D:1      | 725 ||| READING scroll labelled ENAODUM KUIL.
   726 | D:1      | 726 ||| READING scroll labelled COOBLIADDAI.
   727 | D:1      | 727 ||| READING scroll labelled RELOGR DESTEDE.
   730 | D:1      | 730 ||| READING scroll labelled DEIROZ JUOGIA.
   831 | D:2      | Noticed Sigmund
   841 | D:2      | Killed Sigmund
   842 | D:2      | Reached XP level 4. HP: 20/28 MP: 4/4
   842 | D:2      | Reached XP level 5. HP: 23/32 MP: 5/5
  1002 | D:2      | 1002 ||| Stepping ~*~*~tactically~*~*~ (stealth).
  1221 | D:2      | 1221 ||| UPGRADING to +0 pair of gloves.
  1226 | D:2      | 1226 ||| UPGRADING to +0 helmet.
  1231 | D:2      | 1231 ||| READING scroll labelled TIQITH YHUNYOWK.
  1232 | D:2      | 1232 ||| READING scroll labelled RONKINUPTA.
  1233 | D:2      | 1233 ||| READING 3 scrolls labelled NEBBO FIOSM.
  1234 | D:2      | 1234 ||| DRINKING 2 fizzy emerald potions.
  1235 | D:2      | 1235 ||| DRINKING 2 pink potions.
  1339 | D:2      | 1339 ||| DRINKING 2 bubbling black potions.
  1340 | D:2      | 1340 ||| DROPPING potion of brilliance.
  1341 | D:2      | 1341 ||| DROPPING potion of berserk rage.
  1342 | D:2      | 1342 ||| DROPPING 2 scrolls of vulnerability.
  1364 | D:3      | 1364 ||| STAIRDANCE
  1414 | D:2      | 1414 ||| DROPPING +0 whip.
  1415 | D:2      | 1415 ||| UPGRADING to +0 chain mail.
  1425 | D:2      | 1425 ||| DROPPING +0 scale mail.
  1429 | D:3      | 1429 ||| STAIRDANCE
  1434 | D:2      | Reached XP level 6. HP: 36/38 MP: 6/6
  1494 | D:3      | 1494 ||| Stepping ~*~*~tactically~*~*~ (stealth).
  1498 | D:3      | 1498 ||| Stepping ~*~*~tactically~*~*~ (stealth).
  1500 | D:3      | 1500 ||| Stepping ~*~*~tactically~*~*~ (stealth).
  1508 | D:3      | 1508 ||| Stepping ~*~*~tactically~*~*~ (stealth).
  1641 | D:3      | Identified the +0 sling of the Hidden Vale {flame, rElec
                  | rC+ Int-4 SInv}
  1709 | D:3      | Found an opulent altar of Gozag.
  1792 | D:3      | Found a faded altar of an unknown god.
  1949 | D:3      | 1949 ||| READING scroll labelled EPNITHR FAIWOMM.
  2001 | D:4      | You fall into a shaft and drop 2 floors!
  2046 | D:6      | HP: 7/38 [electric eel/bolt of electricity (3)]
  2047 | D:6      | 2047 ||| READING scroll of teleportation.
  2048 | D:6      | 2048 ||| DRINKING potion of heal wounds.
  2085 | D:6      | 2085 ||| READING scroll labelled NIEPSICLANAU.
  2110 | D:6      | 2110 ||| Stepping ~*~*~tactically~*~*~ (hiding).
  2125 | D:6      | Reached skill level 6 in Axes
  2144 | D:6      | Reached skill level 1 in Dodging
  2144 | D:6      | Reached XP level 7. HP: 27/43 MP: 7/7
  2157 | D:6      | 2157 ||| Stepping ~*~*~tactically~*~*~ (stealth).
  2194 | D:6      | 2194 ||| Stepping ~*~*~tactically~*~*~ (stealth).
  2197 | D:6      | 2197 ||| Stepping ~*~*~tactically~*~*~ (stealth).
  2198 | D:6      | 2198 ||| Stepping ~*~*~tactically~*~*~ (stealth).
  2241 | D:6      | 2241 ||| UPGRADING to +0 kite shield.
  2251 | D:6      | 2251 ||| DROPPING +0 buckler.
  2254 | D:6      | Found a stormy altar of Qazlal.
  2258 | D:6      | Found an ornate altar of the Wu Jian Council.
  2260 | D:5      | Entered Level 5 of the Dungeon
  2317 | D:4      | HP: 10/43 [orc priest/divine providence (12)]
  2318 | D:4      | 2318 ||| DRINKING potion of heal wounds.
  2506 | D:4      | 2506 ||| Stepping ~*~*~tactically~*~*~ (hiding).
  2520 | D:4      | 2520 ||| DROPPING +0 mace.
  2677 | D:4      | 2677 ||| Stepping ~*~*~tactically~*~*~ (stealth).
  2683 | D:4      | Reached skill level 6 in Shields
  2683 | D:4      | Reached XP level 8. HP: 48/48 MP: 8/8
  2708 | D:4      | 2708 ||| Stepping ~*~*~tactically~*~*~ (stealth).
  3015 | D:4      | 3015 ||| READING scroll labelled QILEMUAJAI.
  3077 | D:5      | Found a radiant altar of Vehumet.
  3099 | D:5      | 3099 ||| DRINKING 2 dark potions.
  3253 | D:5      | 3253 ||| Stepping ~*~*~tactically~*~*~ (stealth).
  3307 | D:5      | Found a basalt altar of Yredelemnul.
  3315 | D:5      | Found a shimmering altar of Xom.
  3315 | D:5      | Found a glowing silver altar of Zin.
  3317 | D:5      | Found a white marble altar of Elyvilon.
  3317 | D:5      | Found a radiant altar of Vehumet.
  3317 | D:5      | Found a shadowy altar of Dithmenos.
  3326 | D:5      | 3326 ||| Stepping ~*~*~tactically~*~*~ (stealth).
  3329 | D:5      | 3329 ||| Stepping ~*~*~tactically~*~*~ (hiding).
  3330 | D:5      | 3330 ||| Stepping ~*~*~tactically~*~*~ (hiding).
  3530 | D:5      | 3530 ||| Stepping ~*~*~tactically~*~*~ (stealth).
  3532 | D:5      | 3532 ||| Stepping ~*~*~tactically~*~*~ (stealth).
  3533 | D:5      | 3533 ||| Stepping ~*~*~tactically~*~*~ (hiding).
  3534 | D:5      | 3534 ||| Stepping ~*~*~tactically~*~*~ (hiding).
  3544 | D:5      | 3544 ||| DRINKING potion of curing.
  3544 | D:5      | 3544 ||| (to cure confusion)
  3555 | D:5      | Reached skill level 1 in Throwing
  3577 | D:5      | 3577 ||| DROPPING +0 flail.
  3647 | D:5      | Found a staircase to the Ecumenical Temple.
  3648 | D:5      | 3648 ||| PLANNING TEMPLE
  3648 | D:5      | 3648 ||| UPGRADING to amulet of the acrobat.
  3659 | Temple   | Entered the Ecumenical Temple
  3660 | Temple   | 3660 ||| PLANNING OKAWARU WORSHIP
  3773 | Temple   | Became a worshipper of Warmaster Okawaru
  3774 | Temple   | 3774 ||| PLANNING D:1-11
  3840 | D:5      | Found a broken altar of Ashenzari.
  3847 | D:5      | 3847 ||| Stepping ~*~*~tactically~*~*~ (stealth).
  3848 | D:5      | 3848 ||| Stepping ~*~*~tactically~*~*~ (stealth).
  3849 | D:5      | 3849 ||| Stepping ~*~*~tactically~*~*~ (hiding).
  3851 | D:5      | 3851 ||| Stepping ~*~*~tactically~*~*~ (hiding).
  3928 | D:5      | Identified the +0 robe of the Building Gods {rPois rF-
                  | Int+2}
  4119 | D:5      | 4119 ||| UPGRADING to ring of protection from fire.
  4120 | D:5      | 4120 ||| DRINKING 2 fizzy red potions.
  4121 | D:5      | 4121 ||| DROPPING potion of degeneration.
  4230 | D:6      | 4230 ||| Stepping ~*~*~tactically~*~*~ (hiding).
  4231 | D:6      | 4231 ||| Stepping ~*~*~tactically~*~*~ (hiding).
  4235 | D:6      | 4235 ||| Stepping ~*~*~tactically~*~*~ (hiding).
  4352 | D:6      | Reached XP level 9. HP: 49/54 MP: 9/9
  4429 | D:6      | 4429 ||| FLEEEEING.
  4555 | D:6      | 4555 ||| Stepping ~*~*~tactically~*~*~ (water).
  4556 | D:6      | Noticed Blork the orc
  4558 | D:6      | 4558 ||| Stepping ~*~*~tactically~*~*~ (water).
  4563 | D:6      | Killed Blork the orc
  4566 | D:6      | Reached skill level 6 in Fighting
  4629 | D:6      | Reached * piety under Okawaru
  4767 | D:6      | 4767 ||| INVOKING Heroism.
  4861 | D:6      | 4861 ||| Stepping ~*~*~tactically~*~*~ (stealth).
  4862 | D:6      | 4862 ||| Stepping ~*~*~tactically~*~*~ (stealth).
  5128 | D:7      | 5128 ||| INVOKING Heroism.
  5132 | D:7      | Reached skill level 1 in Invocations
  5146 | D:7      | 5146 ||| FLEEEEING.
  5305 | D:7      | Found a flagged portal.
  5457 | D:7      | 5457 ||| Stepping ~*~*~tactically~*~*~ (hiding).
  5463 | D:7      | 5463 ||| INVOKING Heroism.
  5476 | D:7      | 5476 ||| Stepping ~*~*~tactically~*~*~ (stealth).
  5541 | D:7      | Noticed Joseph
  5542 | D:7      | 5542 ||| Stepping ~*~*~tactically~*~*~ (hiding).
  5543 | D:7      | 5543 ||| Stepping ~*~*~tactically~*~*~ (hiding).
  5557 | D:7      | 5557 ||| INVOKING Heroism.
  5561 | D:7      | Killed Joseph
  5562 | D:7      | Reached skill level 3 in Invocations
  5567 | D:7      | 5567 ||| INVOKING Heroism.
  5672 | D:7      | Reached XP level 10. HP: 60/60 MP: 13/13
  5717 | D:7      | 5717 ||| Stepping ~*~*~tactically~*~*~ (stealth).
  5722 | D:7      | Reached skill level 9 in Axes
  5839 | D:7      | Noticed Menkaure
  5840 | D:7      | 5840 ||| INVOKING Heroism.
  5844 | D:7      | Killed Menkaure
  5889 | D:7      | Noticed Pikel
  5900 | D:7      | Killed Pikel
  5900 | D:7      | Reached ** piety under Okawaru
  6181 | D:7      | 6181 ||| UPGRADING to +0 plate armour.
  6191 | D:7      | 6191 ||| DROPPING +0 chain mail.
  6233 | D:8      | 6233 ||| Stepping ~*~*~tactically~*~*~ (stealth).
  6234 | D:8      | 6234 ||| Stepping ~*~*~tactically~*~*~ (stealth).
  6236 | D:8      | 6236 ||| Stepping ~*~*~tactically~*~*~ (stealth).
  6249 | D:8      | Reached skill level 6 in Armour
  6385 | D:8      | 6385 ||| Stepping ~*~*~tactically~*~*~ (stealth).
  6386 | D:8      | 6386 ||| Stepping ~*~*~tactically~*~*~ (stealth).
  6387 | D:8      | 6387 ||| Stepping ~*~*~tactically~*~*~ (stealth).
  6595 | D:8      | 6595 ||| READING scroll of enchant armour.
  6595 | D:8      | 6595 ||| ENCHANTING +0 pair of gloves.
  6602 | D:8      | 6602 ||| Stepping ~*~*~tactically~*~*~ (hiding).
  6770 | D:8      | 6770 ||| UPGRADING to amulet of faith.
  6780 | D:8      | 6780 ||| READING scroll labelled BUVIRA ILAST.
  6781 | D:8      | 6781 ||| DRINKING 2 bubbling blue potions.
  6792 | D:9      | Reached *** piety under Okawaru
  6800 | D:9      | 6800 ||| INVOKING Heroism.
  6802 | D:9      | Reached skill level 9 in Shields
  6833 | D:9      | 6833 ||| FLEEEEING.
  6834 | D:9      | 6834 ||| STAIRDANCE
  6954 | D:9      | Found a staircase to the Lair.
  7209 | D:9      | Noticed an oklob plant
  7210 | D:9      | 7210 ||| INVOKING Heroism.
  7210 | D:9      | Paralysed by a floating eye for 2 turns
  7212 | D:9      | Noticed an oklob plant
  7212 | D:9      | Noticed an oklob plant
  7215 | D:9      | Paralysed by a floating eye for 3 turns
  7226 | D:9      | Paralysed by a floating eye for 3 turns
  7233 | D:9      | 7233 ||| INVOKING Heroism.
  7248 | D:9      | HP: 5/63 [oklob plant/splash of acid (24)]
  7249 | D:9      | 7249 ||| DRINKING potion of heal wounds.
  7251 | D:9      | Killed from afar by an oklob plant

Levels and vault maps discovered:
D:1:      saegor_arrival_simple_c, layout_basic
D:2:      layout_basic, uniq_sigmund
D:3:      minmay_diamond_boxcup, layout_rooms, grunt_gozag_statues,
          chequers_ecumenical_altar_simple
D:4:      minmay_clustersquares, layout_basic
D:5:      layout_loops_cross, doesnt_xom_only_xom, evilmike_ruin_ashenzari,
          amcnicky_altar_gilded, minmay_temple_entry_enclosed_plants, hex_large
D:6:      layout_loops_ring, grunt_temple_overflow_open, serial_bayou,
          serial_bayou_pond_e, serial_bayou_pond_a, serial_bayou_shore_a,
          serial_bayou_pond_b, serial_bayou_crossing, serial_bayou_pond_a,
          minmay_chambers_of_fives, uniq_blork_the_orc
D:7:      layout_basic, enter_bailey_5, uniq_menkaure, uniq_joseph, uniq_pikel
D:8:      layout_rooms
D:9:      layout_layer_cave, kennysheep_mini, erik_lair_orcish_takeover,
          disabler_island
Temple:   nicolae_temple_two_arcs

Skill      XL: |  1  2  3  4  5  6  7  8  9 10 |
---------------+-------------------------------+-----
Axes           | 2 3 5 6 7 8 9 |  9.9
Fighting       | 4 5 6 7 |  7.5
Dodging        | 1 |  1.4
Shields        | 6 7 8 9 |  9.1
Armour         | 4 5 7 |  7.0
Throwing       | 1 |  1.2
Invocations    | 4 |  4.0

Action                     |  1- 3 |  4- 6 |  7- 9 | 10-12 || total
---------------------------+-------+-------+-------+-------++-------
  Melee: War axe           |    75 |   125 |   242 |   143 ||   585
  Throw: Boomerang         |       |     3 |    50 |    33 ||    86
 Invoke: Heroism           |       |       |     5 |     4 ||     9
    Use: Scroll            |     8 |     6 |     1 |     2 ||    17
         Potion            |       |     4 |     4 |     2 ||    10
 Armour: Scale mail        |    38 |    18 |       |       ||    56
         Chain mail        |       |    55 |   209 |    16 ||   280
         Plate armour      |       |       |       |   123 ||   123
  Dodge: Dodged            |    31 |    67 |   125 |    59 ||   282
  Block: Buckler           |    19 |    23 |     1 |       ||    43
         Kite shield       |       |       |   149 |   101 ||   250

Table legend:
 A = Non-vault XP
 B = Vault XP
 C = Vault XP percentage of total XP
 D = Non-vault monster count
 E = Vault monster count
 F = Vault count percentage of total count
                 A         B        C        D         E       F
            +---------+---------+-------+---------+---------+-------
      Total |    5982 |    3063 |  33.9 |     196 |      41 |  17.3
            +---------+---------+-------+---------+---------+-------
        D:1 |      38 |       0 |   0.0 |      24 |       0 |   0.0
        D:2 |      55 |     226 |  80.4 |      16 |       1 |   5.9
        D:3 |      25 |      39 |  60.9 |      14 |       8 |  36.4
        D:4 |     405 |     457 |  53.0 |      21 |      11 |  34.4
        D:5 |     795 |       0 |   0.0 |      26 |       0 |   0.0
        D:6 |     914 |     298 |  24.6 |      23 |       6 |  20.7
        D:7 |    1217 |    1309 |  51.8 |      25 |       7 |  21.9
        D:8 |    1515 |       0 |   0.0 |      32 |       0 |   0.0
        D:9 |    1018 |     734 |  41.9 |      15 |       8 |  34.8
            +---------+---------+-------+---------+---------+-------
